 Dungeon Crawl Stone Soup version coffee-0.2.0 (webtiles) character file.

Game seed: 12613050097473837442, levelgen mode: deterministic

14845 Dorkslayer the Carver (level 12, -2/91 HPs)
             Began as a Human Fighter on Sept 24, 2020.
             Was a High Priest of Okawaru.
             Killed from afar by a shadow dragon (30 damage)
             ... with a bolt of negative energy
             ... on level 10 of the Dungeon.
             The game lasted 00:44:53 (9504 turns).

Dorkslayer the Carver (Human Fighter)               Turns: 9504, Time: 00:44:53

Health: -2/91      AC: 27    Str: 22    XL:     12   Next: 50%
Magic:  11/18      EV: 12    Int:  8    God:    Okawaru [*****.]
Gold:   4470       SH: 19    Dex: 13    Spells: 11/11 levels left

rFire    . . .     SeeInvis .   P - +1 long sword (holy)
rCold    + . .     Gourm    .   g - +4 kite shield {AC+3}
rNeg     . . .     Faith    .   t - +2 plate armour {rC+}
rPois    .         Spirit   .   b - +0 helmet
rElec    .         Reflect  +   I - +0 cloak
rCorr    .         Harm     .   i - +0 pair of gloves
MR       +....                  s - +1 pair of boots {Fly}
Stlth    ..........             n - +2 amulet of reflection
HPRegen  0.25/turn              K - ring of protection from magic
MPRegen  0.16/turn              (no ring)

@: heroism, finesse, flying, heavily drained
A: no striking features
a: Heroism, Finesse, Renounce Religion, Stop Flying


You were on level 10 of the Dungeon.
You worshipped Okawaru.
Okawaru was extremely pleased with you.
You were not hungry.

You visited 2 branches of the dungeon, and saw 11 of its levels.

You collected 5374 gold pieces.
You spent 904 gold pieces at shops.

Inventory:

Hand Weapons
 A - a +0 double sword
 O - a +1 scimitar of flaming
 P - a +1 long sword of holy wrath (weapon)
Missiles
 v - 2 silver boomerangs
 E - a throwing net
 F - 6 silver javelins (quivered)
 L - 4 javelins
 N - 10 boomerangs
Armour
 b - a +0 helmet (worn)
 g - a +4 kite shield of protection (worn)
 i - a +0 pair of gloves (worn)
 s - a +1 pair of boots of flying (worn)
 t - a +2 plate armour of cold resistance (worn)
 I - a +0 cloak (worn)
Jewellery
 n - a +2 amulet of reflection (around neck)
 K - a ring of protection from magic (left hand)
Wands
 p - a wand of polymorph (9)
Scrolls
 k - 2 scrolls of immolation
 l - 2 scrolls of fear
 q - 7 scrolls of remove curse
 u - 3 scrolls of enchant weapon
 x - a scroll of teleportation
 y - a scroll of fog
 C - a scroll of amnesia
 H - a scroll of summoning
 J - a scroll of silence
Potions
 e - a potion of curing
 h - 2 potions of magic
 j - a potion of mutation
 m - 2 potions of berserk rage
 o - a potion of stabbing
 r - a potion of cancellation
 D - a potion of resistance
 G - 2 potions of brilliance
Miscellaneous
 z - a fan of gales
Comestibles
 a - 4 chunks of flesh
 f - 20 rations


   Skills:
 + Level 7.2(12.2) Fighting
 + Level 9.8(11.7) Long Blades
 + Level 4.8(7.1) Throwing
 + Level 6.8(12.1) Armour
 + Level 4.1(11.3) Dodging
 + Level 8.3(12.6) Shields
 * Level 9.1(7.9) Invocations
 * Level 8.4(7.2) Evocations


You had 11 spell levels left.
You didn't know any spells.
Your spell library contained the following spells:

 Spells                   Type           Power        Failure   Level  Hunger
 Beastly Appendage        Tmut           #.....       98%         1    #......
 Magic Dart               Conj           #...         98%         1    #......
 Blink                    Tloc           N/A          99%         2    ##.....
 Call Imp                 Summ           #.......     99%         2    ##.....
 Slow                     Hex            #.......     99%         2    ##.....
 Sticks to Snakes         Tmut           #.......     99%         2    ##.....
 Conjure Flame            Conj/Fire      #.......     100%        3    ###....
 Mephitic Cloud           Conj/Pois/Air  #.......     100%        3    ###....
 Spider Form              Tmut/Pois      #.........   100%        3    ###....
 Ice Form                 Ice/Tmut       #.......     100%        4    #####..
 Blade Hands              Tmut           #.........   100%        5    ######.


Dungeon Overview and Level Annotations

Branches:
Dungeon (10/10)            Temple (1/1) D:2
    Zot: D:10

Altars:
Ashenzari
Cheibriados
Dithmenos
Elyvilon
Fedhas
Gozag
Hepliaklqana
Kikubaaqudgha
Makhleb
Nemelex Xobeh
Okawaru
Qazlal
Ru
Sif Muna
Trog
Uskayaw
Vehumet
Wu Jian
Xom
Yredelemnul
Zin
The Shining One
Lugonu

Shops:
D:3 [


Message History

You completely miss the shadow dragon.
The shadow dragon breathes negative energy at you.
The bolt of negative energy hits you!!
You feel drained.
* * * LOW HITPOINT WARNING * * *
You hit the shadow dragon but do no damage.
You block the shadow dragon's attack.
The shadow dragon tramples you but does no damage.
You can now deal lightning-fast blows.
The shadow dragon misses you.
You riposte.
Your plate armour prevents you from hitting the shadow dragon.
You block the shadow dragon's attack.
You gain the combat prowess of a mighty hero.
You block the shadow dragon's attack.
The shadow dragon tramples you but does no damage.
You hit the shadow dragon but do no damage.
You slice the shadow dragon!!
The shadow dragon is heavily wounded.
The shadow dragon breathes negative energy at you.
The bolt of negative energy hits you!!
You feel drained.
You die...

#.# ≈.≈ ##########'### #### .....
..DD. ...
#########################
#####≈≈≈≈≈≈≈≈≈≈≈≈≈≈≈≈≈≈≈≈≈≈≈#####
≈≈≈≈≈≈.....................≈≈≈≈≈≈
.............................(...
................@................
..........<.....D............ ...
...........................#####.
.###############'###.......#...#.
.#.................#.......#...#.
.#.................#.......#...#.
.#.................#.......#'###.
.#.................# .........((.
.#.................#.#####....(..


You could see a shadow dragon, a golden dragon and an ice dragon.

Vanquished Creatures
  Snorg (D:10)
  Harold (D:7)
  Erica (D:8)
  2 two-headed ogres
  An unseen horror (D:10)
  A centaur zombie (D:10)
  A fire dragon (D:10)
  Psyche (D:10)
  A black draconian (D:10)
  3 trolls
  2 hornets (D:9)
  6 hippogriffs
  3 yaks (D:9)
  2 wyverns (D:10)
  4 hungry ghosts
  Grum (D:10)
  A soldier ant (D:9)
  A water moccasin (D:9)
  4 orc warriors
  4 ice beasts
  5 sky beasts
  A black bear (D:10)
  7 ogres
  2 phantoms
  5 centaurs
  3 wolves (D:10)
  2 big kobolds
  2 crocodiles
  6 bullfrogs
  A gnoll sergeant (D:8)
  A wyvern zombie (D:10)
  2 scorpions
  9 killer bees
  3 wights (D:7)
  2 quasits
  3 bullfrog zombies
  3 hounds
  Crazy Yiuf (D:7)
  2 centaur skeletons
  4 orc priests
  An iron imp (D:9)
  5 jellies
  8 orc wizards
  A bullfrog skeleton (D:8)
  2 iguanas
  Ijyb (D:3)
  Natasha (thrice) (D:3)
  7 worker ants
  A killer bee zombie (D:9)
  Robin (D:3)
  14 gnolls
  A howler monkey skeleton (D:7)
  2 adders (D:3)
  2 shadow imps
  2 oozes (D:1)
  5 worms
  2 dart slugs (D:1)
  31 orcs
  8 giant cockroaches
  11 goblins
  9 hobgoblins
  11 jackals (D:1)
  13 kobolds
  3 quokkas
  5 bats
  3 frilled lizards (D:3)
  9 rats
  2 toadstools (D:4)
268 creatures vanquished.

Vanquished Creatures (others)
  2 centaurs
  A toadstool (D:4)
3 creatures vanquished.

Grand Total: 271 creatures vanquished

Notes
Turn   | Place    | Note
-------+----------+-------------------------------------------
     0 | D:1      | Dorkslayer the Human Fighter began the quest for the Orb.
     0 | D:1      | Reached XP level 1. HP: 18/18 MP: 1/1
     0 | D:1      | Noticed a jelly
     1 | D:1      | Found a runed translucent door.
   234 | D:1      | Reached XP level 2. HP: 15/24 MP: 0/2
   667 | D:1      | Reached XP level 3. HP: 29/29 MP: 3/3
   929 | D:1      | Reached XP level 4. HP: 30/35 MP: 2/4
   947 | D:1      | Reached skill level 1 in Dodging
  1133 | D:2      | Found a shadowy altar of Dithmenos.
  1200 | D:2      | Found a staircase to the Ecumenical Temple.
  1303 | Temple   | Entered the Ecumenical Temple
  1416 | Temple   | Became a worshipper of Warmaster Okawaru
  1712 | D:3      | Found Firor's Antique Armour Emporium.
  1728 | D:3      | Reached XP level 5. HP: 41/41 MP: 5/5
  1796 | D:3      | Found a stormy altar of Qazlal.
  1801 | D:3      | Found a blossoming altar of Fedhas.
  1802 | D:3      | Noticed Robin
  1855 | D:3      | Killed Robin
  2129 | D:3      | Reached skill level 1 in Invocations
  2227 | D:3      | Noticed Ijyb
  2254 | D:3      | Killed Ijyb
  2254 | D:3      | Reached XP level 6. HP: 47/47 MP: 6/6
  2433 | D:3      | Reached skill level 5 in Fighting
  2433 | D:3      | Reached skill level 5 in Long Blades
  2433 | D:3      | Reached skill level 5 in Armour
  2433 | D:3      | Reached skill level 5 in Shields
  2433 | D:3      | Reached skill level 5 in Evocations
  2433 | D:3      | Reached XP level 7. HP: 55/56 MP: 6/11
  2517 | D:3      | Noticed Natasha
  2527 | D:3      | Killed Natasha
  2686 | D:3      | Noticed Natasha
  2695 | D:3      | Killed Natasha
  2792 | D:3      | Reached * piety under Okawaru
  2823 | D:3      | Noticed Natasha
  2827 | D:3      | Killed Natasha
  3111 | D:4      | Identified the ring of the Bull {rN+ AC+2 Str-4 Int+7} (You
                  | acquired it on level 4 of the Dungeon)
  3142 | D:4      | Found a glowing golden altar of the Shining One.
  3222 | D:3      | Bought a +1 pair of boots of flying for 264 gold pieces
  3222 | D:3      | Bought a +2 plate armour of cold resistance for 640 gold
                  | pieces
  3511 | D:4      | Reached XP level 8. HP: 41/63 MP: 12/12
  3743 | D:5      | Entered Level 5 of the Dungeon
  3935 | D:5      | Reached ** piety under Okawaru
  4518 | D:6      | Reached XP level 9. HP: 53/68 MP: 13/13
  4803 | D:6      | Found a shimmering blue altar of Sif Muna.
  5103 | D:6      | Reached *** piety under Okawaru
  5304 | D:7      | Noticed Harold
  5331 | D:7      | Noticed a hippogriff
  5336 | D:7      | Killed a hippogriff
  5383 | D:7      | Killed Harold
  5383 | D:7      | Reached **** piety under Okawaru
  5383 | D:7      | Reached XP level 10. HP: 39/76 MP: 13/15
  5560 | D:7      | Received a gift from Okawaru
  5888 | D:7      | Found a runed translucent door.
  5889 | D:7      | Noticed Crazy Yiuf
  5896 | D:7      | Killed Crazy Yiuf
  6298 | D:8      | Reached ***** piety under Okawaru
  6440 | D:8      | Noticed Erica
  6452 | D:8      | Killed Erica
  6452 | D:8      | Received a gift from Okawaru
  6452 | D:8      | Reached XP level 11. HP: 81/83 MP: 16/16
  7184 | D:9      | Paralysed by a hornet for 3 turns
  7758 | D:9      | Paralysed by a hornet for 3 turns
  7770 | D:9      | Paralysed by a hornet for 1 turns
  7834 | D:9      | Found a snail-covered altar of Cheibriados.
  7904 | D:9      | Noticed a two-headed ogre
  7908 | D:9      | Found a sparkling altar of Nemelex Xobeh.
  7921 | D:9      | Killed a two-headed ogre
  7949 | D:9      | Found a hazy altar of Hepliaklqana.
  7949 | D:9      | Found a burning altar of Makhleb.
  7950 | D:9      | Found an opulent altar of Gozag.
  8075 | D:9      | Received a gift from Okawaru
  8214 | D:9      | Found an ancient bone altar of Kikubaaqudgha.
  8434 | D:10     | Entered Level 10 of the Dungeon
  8489 | D:10     | Killed an unseen horror
  8508 | D:10     | Noticed Grum
  8512 | D:10     | Noticed Psyche
  8519 | D:10     | Killed Grum
  8528 | D:10     | Killed Psyche
  8684 | D:10     | Reached XP level 12. HP: 77/91 MP: 10/18
  8736 | D:10     | Noticed a storm dragon
  8811 | D:10     | Noticed a shadow dragon
  8911 | D:10     | Noticed Snorg
  8919 | D:10     | HP: 4/91 [Snorg (23)]
  9100 | D:10     | Noticed Maggie
  9105 | D:10     | Noticed Maggie
  9105 | D:10     | Maggie changed into Maggie the bullfrog
  9118 | D:10     | Killed Maggie the bullfrog
  9146 | D:10     | Received a gift from Okawaru
  9345 | D:10     | Noticed a two-headed ogre
  9353 | D:10     | Killed a two-headed ogre
  9383 | D:10     | Got the ring "Put-Me-On" {*Slow MP+9 Int+8}
  9428 | D:10     | Killed Snorg
  9428 | D:10     | Received a gift from Okawaru
  9481 | D:10     | Noticed a golden dragon
  9504 | D:10     | Killed from afar by a shadow dragon

Levels and vault maps discovered:
D:1:      dpeg_arrival_caged_fury, layout_loops_corners
D:2:      layout_basic, nicolae_dithmenos_shadow_blocks, temple_pool_b
D:3:      layout_loops_corners, grunt_temple_overflow_forces_of_nature,
          first_ration, serial_shops, kennysheep_mini_moat, uniq_ijyb,
          uniq_natasha, uniq_robin
D:4:      layout_cave_pods, marbit_many_paths, minmay_gold_behind_fungi
D:5:      layout_loops_ring
D:6:      layout_loops_ring, lemuel_blue_sif_altar
D:7:      layout_loops_corners, uniq_crazy_yiuf_cottage, uniq_harold
D:8:      layout_basic, uniq_erica
D:9:      layout_loops_ring, slow_altar_1, minitemple,
          lemuel_coloured_pillars_altar, hangedman_pestilent_swarm
D:10:     evilmike_zot_entry_castle, layout_irregular_city, dk_vineyard_3,
          uniq_maggie, uniq_snorg, uniq_psyche, uniq_grum
Temple:   kb_corrupted_temple

Skill      XL: |  1  2  3  4  5  6  7  8  9 10 11 12 |
---------------+-------------------------------------+-----
Dodging        | 1 4 |  4.1
Long Blades    | 3 5 7 8 9 |  9.8
Invocations    | 1 6 7 8 9 |  9.1
Shields        | 4 5 6 7 8 |  8.3
Fighting       | 5 6 7 |  7.2
Throwing       | 3 4 |  4.8
Armour         | 5 6 |  6.8
Evocations     | 5 6 7 8 |  8.4

Action                   |  1- 3 |  4- 6 |  7- 9 | 10-12 || total
-------------------------+-------+-------+-------+-------++-------
Melee: Long sword        |    81 |   208 |   170 |   435 ||   894
       Double sword      |       |       |   117 |   187 ||   304
Throw: Dart              |       |       |    21 |     1 ||    22
       Boomerang         |       |       |    20 |     2 ||    22
       Javelin           |       |       |       |    47 ||    47
       Throwing net      |       |       |       |     1 ||     1
Invok: Heroism           |       |       |     2 |     7 ||     9
       Finesse           |       |       |       |     6 ||     6
Evoke: Wand              |       |       |    10 |     7 ||    17
       Fan of gales      |       |       |     1 |     1 ||     2
  Use: Potion            |     1 |     1 |       |     8 ||    10
       Scroll            |       |       |     3 |     7 ||    10
 Stab: Paralysed         |       |       |     1 |       ||     1
  Eat: Chunk             |       |     6 |    10 |    10 ||    26
       Ration            |       |       |       |     4 ||     4
Armor: Scale mail        |    16 |       |       |       ||    16
       Plate armour      |    45 |   107 |   108 |   293 ||   553
Dodge: Dodged            |    24 |    46 |    60 |   171 ||   301
Block: Kite shield       |    43 |   125 |   167 |   435 ||   770
       Reflection        |       |       |     3 |    16 ||    19
       Rpst.: Long sword |     9 |    12 |    10 |    33 ||    64
       Double sword      |       |       |     8 |    11 ||    19
